 Dungeon Crawl Stone Soup version 0.23-a0-625-g1d2cd9b (console) character file.

6088 bli the Thaumaturge (level 10, -2/80 HPs)
             Began as a Green Draconian Conjurer on Dec 24, 2018.
             Was a Believer of Ru.
             Slain by a hippogriff (5 damage)
             ... on level 9 of the Dungeon.
             The game lasted 00:55:02 (10507 turns).

bli the Thaumaturge (Green Draconian Conjurer)     Turns: 10507, Time: 00:55:03

Health: -2/80      AC:  9    Str: 10    XL:     10   Next: 58%
Magic:  3/24       EV: 14    Int: 19    God:    Ru [**....]
Gold:   373        SH:  0    Dex: 12    Spells: 19/29 levels left

rFire    . . .     SeeInvis .   b - +4 flail (crush)
rCold    . . .     Gourm    .   (no shield)
rNeg     . . .     Faith    .   (armour unavailable)
rPois    +         Spirit   .   (helmet restricted)
rElec    .         Reflect  .   (no cloak)
rCorr    +         Harm     .   u - +0 pair of gloves
MR       +....                  x - +0 pair of boots
Stlth    ++........             (no amulet)
HPRegen  0.23/turn              E - ring of resist corrosion
MPRegen  0.19/turn              r - ring of protection from magic

@: no status effects
A: breathe noxious fumes, unfitting armour, poison resistance, cold-blooded,
hated by all, no air magic, no charms magic, no transmutations magic, AC +7
a: Breathe Noxious Fumes, Renounce Religion


You were on level 9 of the Dungeon.
You worshipped Ru.
Ru was pleased with you.
You were not hungry.

You visited 3 branches of the dungeon, and saw 11 of its levels.
You also visited: Sewer.

You collected 373 gold pieces.

Inventory:

Hand Weapons
 b - a +4 flail of crushing (weapon)
 d - a +0 dagger
 t - a +0 falchion
 A - a +0 quarterstaff
 B - a +2 dagger of venom
 C - a +0 vampiric dagger
 K - a +5 short sword
 M - a +0 morningstar
 N - a +1 dagger of speed
 P - a +2 hand axe of electrocution
 Q - a +2 vampiric great sword
 T - a +1 mace of draining
 X - a +1 flail of draining
Missiles
 o - 254 stones (quivered)
 V - a throwing net
Armour
 j - a +0 large shield
 s - a +0 pair of boots
 u - a +0 pair of gloves (worn)
 w - a +2 shield
 x - a +0 pair of boots (worn)
Magical Staves
 a - an uncursed staff of conjuration
Jewellery
 c - an uncursed ring of ice
 p - an uncursed ring of ice
 q - an uncursed amulet of guardian spirit
 r - a ring of protection from magic (right hand)
 E - a ring of resist corrosion (left hand)
 O - an uncursed ring of protection from fire {unknown}
Wands
 D - a wand of random effects (16)
 L - a wand of disintegration (23)
 U - a wand of iceblast (9)
 W - a wand of acid (4)
Scrolls
 e - 6 scrolls of remove curse
 f - a scroll of random uselessness
 g - 2 scrolls of blinking
 h - 3 scrolls of immolation {unknown}
 k - 6 scrolls of noise
 l - 3 scrolls of fog
 m - a scroll of fear
 y - 2 scrolls of teleportation
 z - 3 scrolls of magic mapping {unknown}
 H - 2 scrolls of enchant armour
 J - a scroll of identify
Potions
 i - 4 potions of heal wounds
 v - 7 potions of curing
 F - a potion of brilliance
 G - 4 potions of might {unknown}
 I - 2 potions of agility
 R - a potion of flight {unknown}
 S - a potion of cancellation
Comestibles
 n - 16 rations


   Skills:
 + Level 4.5 Fighting
 + Level 2.6(2.8) Maces & Flails
 + Level 1.3(2.1) Staves
 + Level 4.1 Dodging
 + Level 3.3 Stealth
 + Level 10.1 Spellcasting
 + Level 9.8 Conjurations
 - Level 2.0 Hexes


You had 19 spell levels left.
You knew the following spells:

 Your Spells              Type           Power        Failure   Level  Hunger
a - Magic Dart            Conj           ####         1%          1    None
b - Iskenderun's Mystic   Conj           #####...     1%          4    ##.....
d - Dazzling Spray        Conj/Hex       ####..       1%          3    None
r - Searing Ray           Conj           #####.       1%          2    None

Your spell library contained the following spells:

 Spells                   Type           Power        Failure   Level  Hunger
 Fulminant Prism          Conj/Hex       ####......   6%          4    ##.....
 Force Lance              Conj/Tloc      ####....     10%         4    ##.....


Dungeon Overview and Level Annotations

Branches:
Dungeon (9/15)             Temple (1/1) D:5            Lair (1/6) D:8
    Orc: D:9-12

Altars:
Ashenzari
Cheibriados
Dithmenos
Elyvilon
Fedhas
Gozag
Hepliaklqana
Kikubaaqudgha
Makhleb
Okawaru
Qazlal
Ru
Sif Muna
Trog
Uskayaw
Vehumet
Wu Jian
Xom
Yredelemnul
Zin
The Shining One

Annotations:
D:1 1 runed door
D:7 3 runed doors, Lavandula's ghost, novice HaEn


Innate Abilities, Weirdness & Mutations

You can breathe blasts of noxious fumes.
Your lurid green scales are hard. (AC +7)
You cannot fit into any form of body armour.
Your system is resistant to poisons. (rPois)
You are cold-blooded and may be slowed by cold attacks.
You are hated by all.
You cannot study or cast Air magic.
You cannot study or cast Charms magic.
You cannot study or cast Transmutations magic.


Message History

The bullfrog misses you. The hippogriff bites you.
* * * LOW HITPOINT WARNING * * *
You focus your will and illuminate the hippogriff in retribution!
The hippogriff pecks you.
* * * LOW HITPOINT WARNING * * *
The hippogriff barely misses you.
Casting: Dazzling Spray (safe; 1% risk of failure)
Confirm with . or Enter, or press ? or * to list all spells.
Aiming: Dazzling Spray (safe; 1% risk of failure)
Press: ? - help, Shift-Dir - straight line, f/p - hippogriff
Aim: a hippogriff (severely wounded, softly glowing)
The spray of energy hits the hippogriff.
The hippogriff is severely wounded.
The spray of energy hits the bullfrog.
You kill the bullfrog!
The hippogriff bites you.
* * * LOW HITPOINT WARNING * * *
The hippogriff pecks you but does no damage.
The hippogriff claws you.
You die...

.....####
............#.##
.....5#.........##
......#.....$....#
...#....#.......#
...##...##......#
.........#..#..###
.............H†#@##
..F#.........##H†.##
...#.....##..##..#.#
....#....##..###...#
...#...........#..?.#
...........^........#
.....##.....T.........
....###......F.........
....# #...?..............
.<[.....................#
......% ...##(...........


You could see a hippogriff.

Vanquished Creatures
  An elephant (D:8)
  2 spiny frogs (Lair:1)
  A hornet (D:8)
  A hippogriff (D:5)
  5 yaks
  Eustachio (D:5)
  A basilisk (D:8)
  A hungry ghost (D:8)
  Edmund (D:4)
  2 soldier ants (D:8)
  A porcupine (Lair:1)
  A black bear (D:7)
  3 sky beasts
  A necrophage (D:6)
  4 ogres
  A centaur (D:8)
  A crocodile (D:8)
  6 bullfrogs
  4 scorpions
  3 wights (D:6)
  3 howler monkeys (D:7)
  3 bullfrog zombies
  2 crimson imps (D:5)
  2 quasits
  2 hounds
  6 orc priests
  A jelly (D:8)
  9 orc wizards
  8 worker ants
  2 iguanas
  A hound zombie (D:5)
  A hound skeleton (D:5)
  11 adders
  2 river rats (Sewer)
  4 shadow imps
  2 oozes
  2 worms
  3 dart slugs
  3 leopard geckos
  37 orcs
  2 giant cockroaches
  8 goblins
  6 hobgoblins
  7 jackals
  24 kobolds
  5 quokkas
  4 ball pythons
  5 bats
  4 frilled lizards
  A leopard gecko skeleton (D:5)
  A quokka zombie (D:5)
  31 rats
243 creatures vanquished.

Vanquished Creatures (others)
  A hippogriff (Lair:1)
  A bush (Lair:1)
  2 fungi (Lair:1)
  A plant (Lair:1)
5 creatures vanquished.

Grand Total: 248 creatures vanquished

Notes
Turn   | Place    | Note
-------+----------+-------------------------------------------
     0 | D:1      | bli the Draconian Conjurer began the quest for the Orb.
     0 | D:1      | Reached XP level 1. HP: 14/14 MP: 3/3
     1 | D:1      | Found a runed door.
   148 | D:1      | Reached XP level 2. HP: 20/20 MP: 0/5
   345 | D:1      | Found a shimmering altar of Xom.
   606 | D:1      | Found a glowing golden altar of the Shining One.
   689 | D:1      | Reached skill level 3 in Spellcasting
   882 | D:2      | Reached XP level 3. HP: 23/27 MP: 0/7
   895 | D:2      | Learned a level 2 spell: Searing Ray
  1718 | D:2      | Reached skill level 1 in Fighting
  1934 | D:3      | Reached XP level 4. HP: 35/35 MP: 6/9
  1942 | D:3      | Learned a level 3 spell: Dazzling Spray
  2068 | D:3      | Reached skill level 4 in Spellcasting
  2756 | D:4      | Reached XP level 5. HP: 37/40 MP: 2/11
  2826 | D:4      | Reached skill level 5 in Spellcasting
  3014 | D:4      | HP: 2/40 [poisoned by an orc]
  3342 | D:4      | Noticed Edmund
  3352 | D:4      | Killed Edmund
  3352 | D:4      | Reached XP level 6. HP: 38/47 MP: 3/14
  3651 | D:4      | Reached skill level 5 in Conjurations
  3879 | D:4      | Your scales start taking on a lurid green colour.
  3879 | D:4      | Reached XP level 7. HP: 52/52 MP: 9/15
  3879 | D:4      | Gained mutation: Your system is resistant to poisons.
                  | (rPois) [Green Draconian growth]
  3902 | D:4      | Reached skill level 6 in Spellcasting
  4028 | D:5      | Entered Level 5 of the Dungeon
  4071 | D:5      | Found a hazy altar of Hepliaklqana.
  4377 | D:5      | Noticed a hippogriff
  4401 | D:5      | HP: 1/53 [hippogriff (3)]
  4402 | D:5      | Killed a hippogriff
  4402 | D:5      | Reached skill level 1 in Hexes
  4746 | D:5      | Found a staircase to the Ecumenical Temple.
  4784 | Temple   | Entered the Ecumenical Temple
  4885 | Temple   | Became a worshipper of Ru the Awakened
  4970 | D:5      | Reached XP level 8. HP: 62/62 MP: 7/17
  5328 | D:5      | Noticed Eustachio
  5343 | D:5      | Killed Eustachio
  5528 | D:6      | Found a glowing drain.
  5584 | Sewer    | Entered a sewer
  5997 | Sewer    | Gained mutation: You are hated by all. [Ru sacrifice]
  5997 | Sewer    | Reached * piety under Ru
  6294 | D:6      | Reached skill level 7 in Spellcasting
  7025 | D:6      | Reached XP level 9. HP: 65/68 MP: 9/20
  7162 | D:7      | Learned a level 4 spell: Iskenderun's Mystic Blast
  7298 | D:7      | Reached skill level 8 in Spellcasting
  7677 | D:7      | Found an ancient bone altar of Kikubaaqudgha.
  7682 | D:7      | Found a burning altar of Makhleb.
  7682 | D:7      | Found a radiant altar of Vehumet.
  7682 | D:7      | Found an opulent altar of Gozag.
  7684 | D:7      | Found a shattered altar of Ashenzari.
  7807 | D:7      | Found a runed gate.
  7818 | D:7      | Found a runed gate.
  7818 | D:7      | Found a runed gate.
  8033 | D:7      | Noticed Lavandula's ghost (novice HaEn)
  8554 | D:8      | Reached skill level 9 in Spellcasting
  8963 | D:8      | Noticed an elephant
  9130 | D:8      | Killed an elephant
  9130 | D:8      | Reached XP level 10. HP: 66/77 MP: 0/23
  9148 | D:8      | Gained mutation: You cannot study or cast Air magic. [Ru
                  | sacrifice]
  9148 | D:8      | Gained mutation: You cannot study or cast Transmutations
                  | magic. [Ru sacrifice]
  9148 | D:8      | Gained mutation: You cannot study or cast Charms magic. [Ru
                  | sacrifice]
  9148 | D:8      | Reached ** piety under Ru
  9162 | D:8      | Reached skill level 1 in Staves
  9418 | D:8      | Found a staircase to the Lair.
  9707 | Lair:1   | Entered Level 1 of the Lair of Beasts
  9799 | Lair:1   | Noticed a spiny frog
  9840 | Lair:1   | Killed a spiny frog
  9840 | Lair:1   | Reached skill level 1 in Maces & Flails
 10147 | Lair:1   | Noticed a spiny frog
 10223 | Lair:1   | Killed a spiny frog
 10264 | Lair:1   | Reached skill level 10 in Spellcasting
 10506 | D:9      | HP: 4/80 [hippogriff (2)]
 10507 | D:9      | Slain by a hippogriff

Vault maps used:
D:1:      dpeg_arrival_caged_fury, hangedman_decor_growths,
          kennysheep_flooded_box, tso_altar
D:3:      first_ration
D:4:      kennysheep_nondescript, chequers_serial_rivers_large_b, uniq_edmund
D:5:      old_standard_altar, minmay_temple_entry_sparse_star,
          minmay_misc_feat_roman, patterned_corridor, uniq_eustachio
D:6:      portal_sewer_entry_a, columned_hall_lemuel
D:7:      grunt_temple_overflow_open, gammafunk_ghost_necromancy
D:8:      minmay_chambers_of_fours, david_lair_generic,
          hangedman_pestilent_swarm
D:9:      minmay_separated_statues, lemuel_doored_altar, uniq_joseph
Temple:   regret_index_temple_waves
Lair:1:   minmay_hedge_maze
Sewer:    sewer_minmay_treatment

Skill      XL: |  1  2  3  4  5  6  7  8  9 10 |
---------------+-------------------------------+-----
Spellcasting   | 3 4 5 6 7 9 10 | 10.1
Fighting       | 1 2 3 4 |  4.5
Dodging        | 2 3 4 |  4.1
Stealth        | 2 3 |  3.3
Conjurations   | 5 7 9 |  9.8
Hexes          | 1 2 |  2.0
Staves         | 1 |  1.3
Maces & Flails | 2 |  2.6

Action                   |  1- 3 |  4- 6 |  7- 9 | 10-12 || total
-------------------------+-------+-------+-------+-------++-------
Melee: Unarmed           |    12 |       |       |       ||    12
       Dagger            |    18 |    99 |    45 |       ||   162
       Tailslap          |     3 |     9 |    11 |     6 ||    29
       Falchion          |       |     5 |       |       ||     5
       Staff             |       |       |    46 |    20 ||    66
       Flail             |       |       |     7 |    27 ||    34
Throw: Stone             |     5 |     1 |       |       ||     6
 Cast: Magic Dart        |    79 |    90 |   284 |    39 ||   492
       Searing Ray       |     1 |     6 |    33 |     3 ||    43
       Dazzling Spray    |       |       |    24 |    10 ||    34
       Iskenderun's Myst |       |       |    12 |    13 ||    25
Invok: Sacrifice Love    |       |       |     1 |       ||     1
       Sacrifice Arcana  |       |       |       |     1 ||     1
Evoke: Wand              |       |       |       |     3 ||     3
  Use: Potion            |       |     4 |       |       ||     4
       Scroll            |       |     7 |     5 |       ||    12
  Eat: Chunk             |     3 |     4 |    14 |     3 ||    24
       Ration            |       |     2 |     1 |     1 ||     4
Armor: Skin              |    14 |    45 |    72 |    19 ||   150
Dodge: Dodged            |    27 |    66 |   118 |    50 ||   261
       Rpst.: Falchion   |       |     1 |       |       ||     1

Table legend:
 A = Non-vault XP
 B = Vault XP
 C = Vault XP percentage of total XP
 D = Non-vault monster count
 E = Vault monster count
 F = Vault count percentage of total count
                 A         B        C        D         E       F
            +---------+---------+-------+---------+---------+-------
      Total |    6336 |    2362 |  27.2 |     179 |      65 |  26.6
            +---------+---------+-------+---------+---------+-------
        D:1 |      29 |       0 |   0.0 |      15 |       0 |   0.0
        D:2 |      68 |       0 |   0.0 |      28 |       0 |   0.0
        D:3 |      85 |       0 |   0.0 |      17 |       0 |   0.0
        D:4 |     481 |     169 |  26.0 |      22 |       1 |   4.3
        D:5 |     668 |     203 |  23.3 |      17 |       1 |   5.6
        D:6 |     966 |       4 |   0.4 |      22 |       3 |  12.0
        D:7 |     899 |       0 |   0.0 |      17 |       0 |   0.0
        D:8 |     688 |    1860 |  73.0 |      25 |      12 |  32.4
        D:9 |     398 |       0 |   0.0 |       7 |       0 |   0.0
     Lair:1 |    2054 |       0 |   0.0 |       9 |       0 |   0.0
      Sewer |       0 |     126 | 100.0 |       0 |      48 | 100.0
            +---------+---------+-------+---------+---------+-------
